 Dungeon Crawl Stone Soup version 0.32-a0-42-ga30500b4d3 (webtiles) character file.

Game seed: 2378648020722006481

1589 LightningHelix the Thaumaturge (level 8, -3/52 HPs)
             Began as a Mummy Necromancer on Feb 3, 2024.
             Slain by an ogre
             ... wielding a +0 giant club
              (27 damage)
             ... on level 6 of the Dungeon.
             The game lasted 00:09:20 (5429 turns).

LightningHelix the Thaumaturge (Mummy Necromancer)  Turns: 5429, Time: 00:09:20

Health: -3/52      AC:  2    Str: 11    XL:     8   Next: 61%
Magic:  17/23      EV: 12    Int: 14    God:
Gold:   333        SH:  0    Dex: 12    Spells: 25/29 levels left

rFire   . . .        m - +6 war axe of War {heavy, rElec rF+ Will+ Int-3}
rCold   + . .        (no shield)
rNeg    + + +        a - +0 robe
rPois   ∞            (no helmet)
rElec   +            (no cloak)
rCorr   .            (no gloves)
SInv    .            (no boots)
Will    ++...        (no amulet)
Stlth   ++           (no ring)
HPRegen 0.28/turn    (no ring)
MPRegen 0.18/turn

%: faith
@: inugami summoned
A: cold resistance 1, negative energy resistance 3, torment resistance 2, heat
vulnerability 1, in touch with death 1, no potions, faith
a: no special abilities


You were on level 6 of the Dungeon.
You visited 1 branch of the dungeon, and saw 6 of its levels.

You collected 333 gold pieces.

Inventory:

Hand Weapons
 c - a +0 quarterstaff
 d - a +3 short sword of venom
 m - the +6 war axe of War (weapon) {heavy, rElec rF+ Will+ Int-3}
   (You found it on level 5 of the Dungeon)

   Int-3:     It affects your intelligence (-3).
   rF+:       It protects you from fire.
   rElec:     It insulates you from electricity.
   Will+:     It increases your willpower.
Armour
 a - a +0 robe (worn)
 b - a +0 pair of boots
 n - a +0 pair of boots
Wands
 v - a wand of digging (8)
Scrolls
 e - 4 scrolls of amnesia {unknown}
 f - 2 scrolls of acquirement {unknown}
 g - 2 scrolls of enchant weapon
 h - 3 scrolls of teleportation {@r3}
 i - a scroll of blinking {@r4}
 j - a scroll of poison
 k - 2 scrolls of enchant armour
 l - a scroll of revelation {@r5}
 o - 2 scrolls of noise {unknown}
 p - a scroll of immolation


   Skills:
 - Level 0.2 Fighting
 - Level 0.1 Short Blades
 + Level 1.6 Axes
 - Level 1.6 Dodging
 - Level 1.6 Stealth
 + Level 11.0 Spellcasting
 * Level 3.8 Summonings
 - Level 4.8 Necromancy


You had 25 spell levels left.
You knew the following spells:

 Your Spells              Type           Power      Damage    Failure   Level
a - Necrotise             Necr           100%       1d9       1%          1
c - Call Canine Familiar  Summ           18%        N/A       6%          3

Your spell library contained the following spells:

 Spells                   Type           Power      Damage    Failure   Level
 Summon Small Mammal      Summ           72%        N/A       1%          1
 Fugue of the Fallen      Necr           31%        N/A       4%          3
 Vampiric Draining        Necr           31%        2d8       4%          3
 Animate Dead             Necr           31%        N/A       13%         4
 Ensorcelled Hibernation  Hex/Ice        14%        N/A       14%         2
 Mercury Vapours          Alch/Air       14%        N/A       14%         2
 Mephitic Cloud           Conj/Alch/Air  7%         N/A       28%         3
 Tukima's Dance           Hex            7%         N/A       28%         3
 Anguish                  Hex/Necr       10%        N/A       34%         4
 Curse of Agony           Necr           31%        N/A       36%         5
 Summon Blazeheart Golem  Fire/Summ      13%        N/A       38%         4
 Brom's Barrelling Bould  Conj/Erth      7%         2d3       67%         4
 Passage of Golubria      Tloc           7%         N/A       67%         4
 Fireball                 Conj/Fire      3%         3d4       95%         5
 Freezing Cloud           Conj/Ice/Air   3%         6-21      95%         5
 Iskenderun's Battlesphe  Conj           7%         2d6       95%         5
 Yara's Violent Unravell  Hex/Alch       3%         3d4       95%         5
 Conjure Ball Lightning   Conj/Air       3%         3x3d6     100%        6
 Haunt                    Necr/Summ      14%        N/A       100%        7
 Orb of Destruction       Conj           3%         9d5       100%        7
 Infestation              Necr           15%        N/A       100%        8


Dungeon Overview and Level Annotations

Branches:
Dungeon (6/15)
 Temple: D:4-7

Altars:
Ashenzari
Vehumet

Shops:
D:1 =[=

Annotations:
D:3 1 runed translucent door, kenjime's ghost, weakling FeIE
D:6 3 runed translucent doors, AceOff's ghost, novice TrSh; Bokken's ghost, novice TeAE; Flippered's ghost, novice DrHu; Flippered's ghost, novice OpMo; shadizar's ghost, novice DjCj


Innate Abilities, Weirdness & Mutations

You are immune to poison.
Your flesh is cold resistant. (rC+)
You are immune to negative energy. (rN+++)
You are immune to unholy pain and torment.
You are vulnerable to heat. (rF-)
You are in touch with the powers of death.
You do not drink.
You have a special connection with the divine. (Faith)


Message History

There is an open door here.
Key pressed, stopping explore.
An ogre comes into view. It is wielding a +0 giant club.
There is an open door here.
An ogre is nearby!
An ogre is nearby!
Unknown command.
An orc comes into view. It is wielding a +0 hand axe.
Found a stone staircase leading down.
Casting: Call Canine Familiar (dangerous; 6% risk of failure)
Confirm with . or Enter, or press ? or * to list all spells.
You call for your canine familiar and it appears with a howl!
The ogre shouts!
You feel a surge of power!
The orc writhes in agony.
The orc closely misses you.
The orc hits your inugami with a +0 hand axe.
A black bear comes into view.
Your inugami closely misses the orc.
You feel a surge of power!
The orc writhes in agony.
You kill the orc!
The dead are walking!
You feel a surge of power!
The ogre writhes in agony!
Your inugami hits the ogre.
The ogre hits you with a +0 giant club!!
Ouch! That really hurt!
Your inugami hits the ogre but does no damage.
You are too injured to fight recklessly!
You are too injured to fight recklessly!
You are too injured to fight recklessly!
Unknown command.
You are too injured to fight recklessly!
Casting: Necrotise (safe; 1% risk of failure)
Confirm with . or Enter, or press ? or * to list all spells.
Aiming: Necrotise (safe; 1% risk of failure)
Press: ? - help, Shift-Dir - straight line, f/p - ogre
Aim: an ogre, wielding a +0 giant club (heavily wounded, ally target, chance to affect: 83%)
You feel a surge of power!
The ogre writhes in agony!
The ogre hits you with a +0 giant club!!
Ouch! That really hurt!
You die...

#.........................#......
###########'#######.......#......
#..^..........###.#'###
#############>....#.###
#.....###########....
#.....'..........)...
#.....############...
########.#### #... ......O@Z...#
#... ......h.....# #...
.......h....# #... ............#
#### ............# ............'.
....>.......### ............'


You could see a black bear, an ogre (ally target), a friendly inugami (summoned)
and a friendly orc skeleton.

Vanquished Creatures
  Grinder (D:6)
  2 water moccasins
  A black bear (D:5)
  A phantom (D:5)
  Blork the orc (D:5)
  2 bullfrogs (D:6)
  A scorpion (D:5)
  A wight (D:6)
  2 bombardier beetles (D:5)
  A jelly (D:6)
  A hound (D:5)
  A sleepcap (D:4)
  An iguana (D:5)
  Jessica (D:2)
  3 adders
  3 white imps (D:5)
  3 dart slugs
  20 orcs
  4 bats
  10 endoplasms
  3 giant cockroaches
  4 hobgoblins
  6 kobolds
  6 quokkas
  6 ball pythons
  2 frilled lizards (D:1)
  6 goblins
  6 rats
99 creatures vanquished.

Vanquished Creatures (collateral kills)
  A sky beast (D:6)
  An ogre (D:6)
  3 wights (D:6)
  An adder (D:6)
  A kobold (D:1)
7 creatures vanquished.

Grand Total: 106 creatures vanquished

Notes
Turn   | Place    | Note
-------+----------+-------------------------------------------
     0 | D:1      | LightningHelix the Mummy Necromancer began the quest for
                  | the Orb.
     0 | D:1      | Reached XP level 1. HP: 13/13 MP: 4/4
    91 | D:1      | Found Mihueczisu's Jewellery Shop.
   138 | D:1      | Reached skill level 3 in Spellcasting
   138 | D:1      | Reached XP level 2. HP: 19/19 MP: 0/6
   355 | D:1      | Found Mihon's Antique Armour Emporium.
   685 | D:1      | Found Hinizod's Jewellery Emporium.
   696 | D:1      | Reached XP level 3. HP: 18/24 MP: 1/7
   888 | D:2      | Identified the +2 scale mail of the Dungeon {rF- rC+ Int+2
                  | Dex+5}
   916 | D:2      | Noticed Jessica
   919 | D:2      | Killed Jessica
   920 | D:2      | Reached skill level 4 in Spellcasting
   920 | D:2      | Reached XP level 4. HP: 30/30 MP: 7/10
  1611 | D:3      | Found a radiant altar of Vehumet.
  1919 | D:3      | Found a runed translucent door.
  1920 | D:3      | Noticed kenjime's ghost (weakling FeIE)
  2257 | D:3      | Found a faded altar of an unknown god.
  2751 | D:4      | Reached skill level 5 in Spellcasting
  2751 | D:4      | Reached skill level 1 in Summonings
  2751 | D:4      | Reached XP level 5. HP: 35/35 MP: 3/12
  2939 | D:4      | Identified the +3 dagger "Ukkiseved" {venom, rF+ Str-5
                  | Int+6}
  3228 | D:5      | Entered Level 5 of the Dungeon
  3229 | D:5      | Noticed a water moccasin
  3256 | D:5      | Killed a water moccasin
  3257 | D:5      | Reached skill level 6 in Spellcasting
  3257 | D:5      | Reached XP level 6. HP: 41/41 MP: 9/15
  3258 | D:5      | Identified the +6 war axe of War {heavy, rElec rF+ Will+
                  | Int-3}
  3446 | D:5      | Reached skill level 7 in Spellcasting
  3610 | D:5      | Reached XP level 7. HP: 20/46 MP: 1/18
  3612 | D:5      | Reached skill level 8 in Spellcasting
  3803 | D:5      | Noticed Blork the orc
  3810 | D:5      | Killed Blork the orc
  4004 | D:5      | Found a broken altar of Ashenzari.
  4306 | D:6      | Reached skill level 9 in Spellcasting
  4323 | D:6      | Noticed Grinder
  4376 | D:5      | Learned a level 3 spell: Call Canine Familiar
  4415 | D:6      | Found a runed translucent gate.
  4415 | D:6      | Noticed Bokken's ghost (novice TeAE)
  4416 | D:6      | Found a runed translucent gate.
  4416 | D:6      | Noticed Flippered's ghost (novice OpMo)
  4416 | D:6      | Noticed shadizar's ghost (novice DjCj)
  4416 | D:6      | Noticed Flippered's ghost (novice DrHu)
  4416 | D:6      | Noticed AceOff's ghost (novice TrSh)
  4417 | D:6      | Found a runed translucent gate.
  4621 | D:6      | Reached XP level 8. HP: 38/52 MP: 9/21
  4736 | D:6      | Reached skill level 10 in Spellcasting
  4863 | D:6      | Killed Grinder
  4864 | D:6      | Reached skill level 1 in Axes
  5080 | D:6      | Reached skill level 11 in Spellcasting
  5429 | D:6      | Slain by an ogre

Illustrated notes

Levels and vault maps discovered:
D:1:      ldierk_walled_garden, layout_rooms, serial_shops,
          nicolae_shop_rolling_square, shop, shop
D:2:      layout_basic, uniq_jessica
D:3:      layout_loops_cross, vehumet_crystals, ebering_ghost_inner_flame,
          shapermc_ecumenical_altar_mp_highgroup
D:4:      layout_basic
D:5:      layout_rooms, mainiacjoe_overflow_boulevard, hangedman_decor_growths,
          uniq_blork_the_orc
D:6:      layout_basic, gammafunk_ghost_cemetery, uniq_grinder

Skill      XL: |  1  2  3  4  5  6  7  8 |
---------------+-------------------------+-----
Spellcasting   | 3 4 5 6 7 9 11 | 11.0
Summonings     | 1 2 3 |  3.8
Axes           | 1 |  1.6
Fighting       | |  0.2
Short Blades   | |  0.1
Dodging        | |  1.6
Stealth        | |  1.6
Necromancy     | |  4.8

Action                     |  1- 3 |  4- 6 |  7- 9 || total
---------------------------+-------+-------+-------++-------
  Melee: Quarterstaff      |     2 |       |       ||     2
         Short sword       |     4 |    26 |       ||    30
         War axe           |       |    11 |    29 ||    40
   Cast: Necrotise         |    46 |    96 |    65 ||   207
         Call Canine Famil |       |       |     9 ||     9
    Use: Scroll            |       |       |     6 ||     6
 Armour: Robe              |    11 |    54 |    48 ||   113
  Dodge: Dodged            |    19 |    54 |    45 ||   118

Table legend: (Time is in decaauts)
 A = Elapsed time spent in this place.
 B = Non-inter-level travel time spent in this place.
 C = Inter-level travel time spent in this place.
 D = Time resting spent in this place.
 E = Time spent auto-exploring this place.
 F = Levels seen in this place.
 G = Mean time per level.
                   A        B        C        D        E       F      G
               +--------+--------+--------+--------+--------+-----+--------+
         Total |   5476 |   5300 |    176 |    416 |   4163 |   6 |  912.7 |
       Dungeon |   5476 |   5300 |    176 |    416 |   4163 |   6 |  912.7 |
               +--------+--------+--------+--------+--------+-----+--------+

Top non-repeatable levels by time:
     D:5: 1149 daAuts
     D:6: 1099 daAuts
     D:3: 980 daAuts
     D:2: 786 daAuts
     D:1: 778 daAuts
     D:4: 680 daAuts
